 Dungeon Crawl Stone Soup version 0.21.1-1-g345015f (webtiles) character file.

213 Golfball the Cudgeler (level 5, -2/32 HPs)
             Began as a Gargoyle Fighter on Feb 19, 2018.
             Slain by neurodan's ghost (4 damage)
             ... on level 3 of the Dungeon.
             The game lasted 00:09:33 (2435 turns).

Golfball the Cudgeler (Gargoyle Fighter)            Turns: 2435, Time: 00:09:34

Health: -2/32      AC: 13    Str: 20    XL:     5   Next: 90%
Magic:  5/5        EV: 12    Int:  9    God:
Gold:   114        SH:  9    Dex: 14    Spells: 4/4 levels left

rFire    . . .     SeeInvis .   l - +3 hand axe (venom)
rCold    . . .     Gourm    .   c - +0 shield
rNeg     + . .     Faith    .   m - +0 scale mail
rPois    ∞         Spirit   .   p - +1 helmet
rElec    +         Reflect  .   (no cloak)
rCorr    .         Harm     .   (no gloves)
MR       .....                  (no boots)
Stlth    +.........             (no amulet)
HPRegen  0.10/turn              (no ring)
MPRegen  0.09/turn              (no ring)

@: agile
A: negative energy resistance 1, electricity resistance, unbreathing,
petrification resistance, rot immunity, AC +4
a: no special abilities


You were on level 3 of the Dungeon.
You were not hungry.

You visited 1 branch of the dungeon, and saw 3 of its levels.
You also visited: Sewer.

You collected 114 gold pieces.

Inventory:

Hand Weapons
 a - a +0 flail
 b - a +0 hunting sling
 h - a +0 hand axe
 l - a +3 hand axe of venom (weapon)
Missiles
 i - 153 stones (quivered)
 j - 24 sling bullets
Armour
 c - a +0 shield (worn)
 m - a +0 scale mail (worn)
 p - a +1 helmet (worn)
 v - a +2 leather armour of poison resistance
Jewellery
 k - an uncursed amulet of faith
Wands
 n - a wand of flame (24)
Potions
 d - a potion of might
 g - a potion of ambrosia
 q - a potion of agility
 r - 2 potions of cancellation
 s - a potion of curing
 t - 2 potions of flight
 u - a potion of heal wounds {unknown}
Comestibles
 f - 6 rations
 o - 14 chunks of flesh


   Skills:
 - Level 3.2 Fighting
 * Level 5.9 Maces & Flails
 - Level 3.2 Armour
 - Level 3.2 Shields


You had 4 spell levels left.
You didn't know any spells.

Dungeon Overview and Level Annotations

Branches:
Dungeon (3/15)

Altars:
Qazlal

Annotations:
D:3 neurodan's ghost, amateur MiFi


Innate Abilities, Weirdness & Mutations

You are resistant to torment.
Your stone body is resilient. (AC +4)
You are immune to poison.
You resist negative energy. (rN+)
You are resistant to electric shocks. (rElec)
You can survive without breathing.
You are immune to petrification.
You are immune to rotting.


Message History

Neurodan's ghost barely misses you.
You closely miss neurodan's ghost.
Neurodan's ghost is severely damaged.
Neurodan's ghost says very slowly, "There's no hope."
Neurodan's ghost hits you but does no damage.
Neurodan's ghost hits you.
* * * LOW HITPOINT WARNING * * *
Your shield and scale mail prevent you from hitting neurodan's ghost.
Neurodan's ghost is severely damaged.
Neurodan's ghost hits you but does no damage.
You hit neurodan's ghost.
Neurodan's ghost is severely damaged.
Neurodan's ghost hits you but does no damage.
You hit neurodan's ghost.
Neurodan's ghost is severely damaged.
Neurodan's ghost closely misses you.
You hit neurodan's ghost but do no damage.
Neurodan's ghost is severely damaged.
Neurodan's ghost hits you.
You die...

#..######.# #.#### .....
#..# #.# #.... ..... ...#
#.# #..# .K....
#..######.#####.>#
#......
#................##....##
##.###..................#
#.# #.##.######(##b....#
#.# #.##.# #W# #.#..#
##.# #.##.# #@# .#..#
...###.##.# #(# #..
.#........# #........
.....≈#.############.#.#
...≈≈≈#..............#
..≈≈≈≈#..#.###.#.#.#.#.#
#.≈≈≈≈#..#>##..........#
#≈≈≈≈.#.##.###.#.#.#.#
#######.##..##..#..#.#


You could see neurodan's ghost.

Vanquished Creatures
  A big kobold (Sewer)
  Robin (D:2)
  2 river rats (Sewer)
  2 adders (D:2)
  2 worms
  2 leopard geckos
  An orc (D:3)
  3 ball pythons (D:3)
  6 giant cockroaches
  15 goblins
  12 hobgoblins
  4 jackals
  14 bats
  5 frilled lizards
  7 kobolds
  11 rats
88 creatures vanquished.

Notes
Turn   | Place    | Note
-------+----------+-------------------------------------------
     0 | D:1      | Golfball the Gargoyle Fighter began the quest for the Orb.
     0 | D:1      | Reached XP level 1. HP: 14/14 MP: 1/1
   221 | D:1      | Reached XP level 2. HP: 17/19 MP: 2/2
   309 | D:1      | Reached skill level 3 in Maces & Flails
   633 | D:1      | Reached XP level 3. HP: 23/23 MP: 3/3
  1216 | D:2      | Noticed Robin
  1228 | D:2      | Reached skill level 4 in Maces & Flails
  1228 | D:2      | Killed Robin
  1228 | D:2      | Reached XP level 4. HP: 18/28 MP: 4/4
  1624 | D:2      | Found a stormy altar of Qazlal.
  1931 | D:3      | Found a glowing drain.
  1971 | Sewer    | Entered a sewer
  1979 | Sewer    | Reached skill level 5 in Maces & Flails
  1985 | Sewer    | Reached XP level 5. HP: 32/32 MP: 5/5
  2038 | Sewer    | Noticed a big kobold
  2050 | Sewer    | Killed a big kobold
  2070 | Sewer    | Found a white marble altar of Elyvilon.
  2395 | D:3      | Noticed neurodan's ghost (amateur MiFi)
  2435 | D:3      | Slain by neurodan's ghost

Skill      XL: |  1  2  3  4 |
---------------+-------------+-----
Maces & Flails | 3 4 5 |  5.9
Fighting       | |  3.2
Armour         | |  3.2
Shields        | |  3.2

Action                   |  1- 3 |  4- 6 || total
-------------------------+-------+-------++-------
Melee: Flail             |   122 |       ||   122
       Hand axe          |    29 |   106 ||   135
  Use: Scroll            |     3 |     9 ||    12
       Potion            |       |     2 ||     2
  Eat: Chunk             |     1 |     4 ||     5
Armor: Scale mail        |   110 |    47 ||   157
Dodge: Dodged            |    61 |    30 ||    91
Block: Shield            |   102 |    49 ||   151
